Map: [ESL] Alcyone

Players

Vindicta - Winner!

  • Race: Terran Terran
  • Spawn Location: 1:00

Elazer

  • Race: Zerg Zerg
  • Spawn Location: 7:00

Event: ESL SC2 Masters 2023 Winter (Finals)

VOD

Have the link to the VOD?

Description

Time

  • Played on: Dec. 15, 2023, 3:14 p.m.
  • Length: 36:15

All games in this series

Show
View Real Time Build Order
Export as new Build Order

Vindicta Terran - Winner!

Build Orders: Reaper Expand, Hellion Banshee 

Get SALT Encoding   

  12  0:00  SCV  
  13  0:12  SCV  
  14  0:17  Supply Depot  
  14  0:24  SCV  
  15  0:39  SCV  
  15  0:40  Barracks  
  16  0:43  Refinery  
  16  0:51  SCV  
  17  1:03  SCV  
  18  1:15  SCV  
  19  1:27  Orbital Command  
  19  1:28  Reaper  
  20  1:40  Command Center  
  20  1:52  Supply Depot  
  20  1:54  SCV  
  21  2:00  Marine  
  22  2:06  SCV  
  22  2:08  Factory  
  23  2:18  SCV  
  23  2:19  Refinery  
  23  2:22  Barracks Reactor  
  24  2:30  SCV  
  25  2:42  SCV  
  26  2:52  Orbital Command  
  26  2:54  SCV  
  26  2:56  Starport  
  27  3:04  Hellion  
  27  3:05  Hellion  
  31  3:06  SCV  
  31  3:08  Barracks Tech Lab  
  32  3:16  Supply Depot  
  32  3:17  SCV  
  32  3:18  SCV  
  34  3:26  Hellion x2  
  38  3:29  SCV  
  38  3:31  SCV  
  40  3:38  Banshee  
  43  3:41  SCV  
  43  3:43  SCV  
  45  3:50  Barracks Tech Lab, Hellion x2  
  45  3:54  SCV  
  50  3:56  Supply Depot  
  50  3:59  SCV  
  51  4:06  SCV  
  52  4:10  Stimpack  
  52  4:16  SCV  
  53  4:20  SCV  
  53  4:25  Supply Depot  
  53  4:28  SCV  
  53  4:29  Command Center  
  50  4:32  Barracks  
  50  4:33  SCV  
  50  4:35  Starport Reactor  
  50  4:36  Barracks  
  51  4:39  Siege Tank  
  51  4:40  SCV  
  51  4:45  SCV  
  56  4:47  Engineering Bay  
  56  4:48  Engineering Bay  
  56  4:51  Supply Depot  
  56  4:52  SCV  
  57  4:56  Refinery  
  57  4:57  SCV  
  57  4:58  Refinery  
  58  5:04  SCV  
  59  5:09  SCV  
  59  5:11  Siege Tank  
  63  5:14  Marine  
  63  5:16  Terran Infantry Weapons Level 1  
  63  5:19  Terran Infantry Armor Level 1  
  63  5:21  Marine x2, SCV x2  
  65  5:23  Starport Reactor  
  68  5:32  Marine  
  68  5:33  Marine x2  
  68  5:35  SCV x2  
  73  5:37  Supply Depot  
  73  5:39  Marine x2  
  73  5:41  Orbital Command  
  75  5:43  Siege Tank  
  75  5:49  SCV x2  
  80  5:50  Marine x3  
  80  5:52  Combat Shield  
  80  5:56  Marine  
  80  5:59  Supply Depot, Medivac x2  
  80  6:01  SCV, Marine  
  80  6:02  SCV  
  80  6:03  Orbital Command  
  88  6:12  Marine  
  88  6:15  SCV  
  88  6:18  Marine x2  
  92  6:19  Barracks  
  92  6:20  Barracks, Marine x2  
  92  6:24  SCV  
  95  6:27  Supply Depot  
  95  6:29  Marine  
  96  6:33  SCV x2  
  96  6:36  Marine x2  
  100  6:40  Medivac x2  
  100  6:41  Marine  
  100  6:43  Siege Tank  
  100  6:44  SCV  
  104  6:47  Marine  
  104  6:48  SCV  
  104  6:52  Armory  
  104  6:53  SCV, Marine  
  107  6:57  Marine  
  107  6:58  Marine  
  107  6:59  Marine  
  110  7:02  SCV x2  
  112  7:14  Orbital Command, Barracks Reactor x2, SCV, Medivac x2  
  116  7:18  Siege Tank  
  116  7:22  Marine  
  117  7:25  Supply Depot  
  117  7:26  Marine  
  117  7:28  SCV  
  119  7:34  Marine  
  117  7:39  SCV x2, Marine  
  117  7:43  Drilling Claws  
  111  7:45  SCV  
  111  7:46  Factory  
  111  7:47  Marine  
  111  7:51  Terran Infantry Weapons Level 2, SCV  
  113  7:55  Bunker  
  113  7:56  Marine  
  113  7:57  Supply Depot  
  114  8:05  Marine  
  114  8:06  Siege Tank  
  114  8:07  Marine  
  114  8:08  Marine x3  
  122  8:15  Marine, SCV  
  122  8:17  Refinery  
  122  8:19  Supply Depot  
  127  8:22  Terran Infantry Armor Level 2  
  127  8:24  Marine  
  127  8:25  Marine x2  
  127  8:29  Command Center  
  127  8:31  Factory Reactor  
  127  8:38  Marine x2  
  127  8:40  Siege Tank  
  132  8:41  Marine x2  
  132  8:42  Marine  
  132  8:46  Marine x2  
  132  8:47  Supply Depot  
  137  8:53  Marine  
  129  9:00  Marine x3  
  129  9:01  Marine  
  132  9:03  Medivac x2  
  132  9:05  Marine  
  132  9:08  Barracks x2  
  132  9:09  Barracks, Marine x2  
  140  9:13  Widow Mine  
  140  9:14  Widow Mine x2  
  146  9:17  SCV x2  
  146  9:19  Supply Depot  
  146  9:21  Marine  
  148  9:26  Marine x5  
  148  9:27  Marauder, Marine  
  148  9:31  Marine  
  155  9:32  SCV  
  155  9:34  Supply Depot  
  155  9:36  SCV  
  155  9:37  Widow Mine  
  160  9:39  Sensor Tower, Marine, Widow Mine x2  
  160  9:44  Marine x2  
  167  9:50  Marauder  
  169  9:54  Liberator x2  
  169  9:58  Widow Mine  
  177  10:02  Barracks Tech Lab  
  177  10:03  Terran Vehicle Weapons Level 1, Barracks Tech Lab  
  177  10:04  Supply Depot  
  176  10:12  Marauder  
  178  10:16  Widow Mine, SCV  
  183  10:21  Marauder x2  
  183  10:22  Planetary Fortress  
  183  10:33  Marauder  
  181  10:42  Marauder  
  181  10:43  Marauder  
  181  10:44  Ghost Academy  
  172  10:51  Liberator  
  172  10:54  SCV  
  172  10:55  Marauder  
  175  11:00  Refinery  
  175  11:01  Refinery x2  
  177  11:04  Marauder x2  
  177  11:10  Marine x4  
  177  11:11  Concussive Shells  
  184  11:16  Barracks Tech Lab, Marauder  
  186  11:23  Marine  
  186  11:24  Marine x2  
  183  11:25  Marauder x2  
  183  11:29  Marine x3  
  183  11:30  Widow Mine  
  183  11:31  Widow Mine  
  189  11:37  Widow Mine, Marine, Marauder x2  
  199  11:40  Supply Depot  
  199  11:41  Terran Infantry Weapons Level 3  
  199  11:44  Terran Infantry Armor Level 3, Marine  
  199  11:47  Command Center, Marine, Marauder x2  
  194  11:50  Supply Depot  
  183  11:58  Marauder  
  183  11:59  Marauder  
  182  12:08  Marauder x2  
  171  12:12  Liberator x2  
  171  12:14  Marine x3  
  165  12:18  SCV, Marine x2  
  165  12:19  Marine x2, Marauder  
  165  12:20  Marauder, Marine  
  175  12:28  SCV  
  175  12:29  Marauder x2  
  177  12:32  Marine  
  178  12:40  Marine x2  
  178  12:41  Marauder x2  
  183  12:46  Marine  
  183  12:48  Marine x2  
  183  12:51  Marauder x2  
  183  12:55  Liberator, Medivac  
  188  13:00  Marine x2  
  188  13:02  Marauder  
  188  13:03  Marauder  
  188  13:04  Marine x3  
  188  13:05  Marine  
  186  13:12  Marauder x2  
  186  13:17  Widow Mine x2  
  186  13:18  Fusion Core  
  184  13:20  Starport  
  184  13:23  Marauder, Widow Mine, Marine  
  184  13:24  Marauder  
  184  13:25  Medivac  
  188  13:29  Marine x2  
  188  13:30  Missile Turret  
  188  13:31  Marine  
  188  13:32  Marine  
  188  13:34  Marauder x2  
  178  13:35  Marine  
  178  13:38  Widow Mine x2  
  178  13:40  SCV x4  
  179  13:45  Liberator, Marauder, Widow Mine  
  179  13:46  Marauder  
  186  13:52  SCV x2  
  186  13:55  Marauder x2  
  192  14:01  Missile Turret  
  187  14:06  Marauder  
  187  14:07  Marauder  
  187  14:08  Advanced Ballistics  
  191  14:10  Siege Tank, Starport Reactor  
  191  14:13  Engineering Bay  
  191  14:15  Engineering Bay x2  
  191  14:18  Liberator  
  194  14:28  Liberator  
  197  14:31  Missile Turret  
  197  14:33  Marauder  
  196  14:43  Marauder x2  
  197  14:47  Hi-Sec Auto Tracking, Ghost, Neosteel Armor  
  197  14:49  Widow Mine, Marine  
  181  14:53  Ghost  
  181  14:55  Marine x2  
  157  15:01  Liberator  
  157  15:04  Marine  
  157  15:05  Marauder x2, Marine  
  157  15:06  Planetary Fortress  
  152  15:08  SCV  
  152  15:09  SCV  
  152  15:11  Liberator  
  152  15:12  SCV  
  157  15:17  Marine x2  
  158  15:22  Marauder  
  158  15:23  Liberator x2  
  158  15:24  Widow Mine  
  158  15:26  Marauder  
  172  15:29  Missile Turret  
  172  15:31  Widow Mine  
  172  15:32  Marine  
  172  15:33  Missile Turret  
  172  15:35  Marine  
  174  15:36  SCV  
  174  15:37  Marauder, Marine x2  
  174  15:38  Marauder  
  179  15:44  Liberator, Marauder  
  179  15:46  Widow Mine  
  179  15:48  Marauder  
  183  15:52  Widow Mine  
  183  15:54  Liberator  
  188  15:59  Marine, Marauder x2  
  188  16:00  Marine  
  188  16:02  Widow Mine  
  184  16:04  Marine  
  184  16:05  Marauder  
  184  16:06  Unknown, Liberator  
  184  16:07  Marine  
  184  16:08  Widow Mine  
  184  16:09  Liberator, Marauder  
  198  16:13  Marine  
  198  16:17  Marine  
  200  16:22  Marine x2  
  200  16:25  Marine  
  192  16:26  Marine  
  192  16:27  Medivac  
  192  16:28  Marine  
  200  16:34  Marine x2  
  200  16:36  Personal Cloaking, Command Center  
  200  16:37  Marine, SCV  
  200  17:02  SCV  
  200  17:06  Terran Ship Weapons Level 1  
  198  17:08  Ghost  
  197  17:24  Widow Mine  
  197  17:33  Supply Depot  
  197  17:34  Sensor Tower, Marauder  
  197  17:35  Marauder x2  
  193  17:40  Sensor Tower  
  193  17:41  Marine x3  
  193  17:42  Marauder  
  198  17:48  Caduceus Reactor  
  193  17:52  Liberator  
  193  17:55  Liberator  
  193  17:56  Marauder  
  200  18:02  Nuke  
  200  18:23  Widow Mine  
  200  18:25  Widow Mine x2  
  196  18:29  Marauder  
  196  18:30  Marauder  
  196  18:31  Orbital Command  
  196  18:32  Marine  
  196  18:33  Marine x2  
  200  18:37  Marauder, Marine  
  200  18:41  Ghost  
  176  18:43  Marine  
  176  18:44  Marine x2  
  176  18:45  Marine, SCV x2  
  176  18:46  Siege Tank  
  187  18:49  Ghost  
  187  18:50  Ghost, Marine  
  192  18:58  Ghost  
  192  18:59  Missile Turret  
  192  19:00  Missile Turret  
  194  19:09  Ghost  
  191  19:14  Terran Vehicle Weapons Level 2  
  191  19:15  Widow Mine x2  
  193  19:18  Siege Tank, Ghost  
  193  19:20  Marauder  
  200  19:27  Marauder  
  198  19:37  Refinery  
  198  19:38  Ghost  
  195  19:40  Ghost  
  195  19:41  Missile Turret  
  195  19:43  Missile Turret  
  195  19:45  Missile Turret  
  199  19:54  Barracks x2  
  199  19:56  Barracks  
  199  19:58  Nuke  
  199  20:04  Ghost  
  199  20:05  Missile Turret  
  199  20:06  Siege Tank, Widow Mine x2  
  200  20:13  Marauder  
  198  20:14  Supply Depot x2  
  198  20:25  Command Center  
  198  20:28  Command Center  
  198  20:31  Marauder  
  198  20:33  Marauder  
  187  20:36  Marauder  
  187  20:37  Marauder  
  173  20:44  Marine x2  
  173  20:45  Barracks Tech Lab x3  
  173  20:46  SCV x2  
  173  20:47  Liberator, SCV  
  167  20:50  Planetary Fortress  
  167  20:52  Marauder  
  170  20:58  SCV, Marauder x2  
  170  20:59  SCV x2  
  170  21:04  Orbital Command  
  176  21:08  Liberator x2  
  176  21:10  SCV  
  176  21:11  SCV x2  
  185  21:12  Nuke  
  185  21:14  Sensor Tower, Marine  
  182  21:23  SCV x3  
  183  21:29  Ghost  
  185  21:35  SCV x2  
  185  21:36  Ghost  
  185  21:39  Ghost x2  
  182  21:45  Marine  
  155  21:51  Marine  
  155  21:52  Marine x2  
  155  21:53  Marine  
  132  21:58  Missile Turret x2  
  132  21:59  Marine  
  132  22:03  Marine, Medivac  
  138  22:08  Hellion  
  138  22:10  Infernal Pre-Igniter  
  138  22:11  Hellion  
  138  22:12  Hellion  
  139  22:15  SCV x2  
  139  22:17  SCV x3  
  139  22:22  Marine  
  137  22:25  Marine  
  137  22:26  Marine  
  137  22:27  SCV  
  137  22:28  Marine x2  
  133  22:31  SCV  
  133  22:36  Missile Turret  
  137  22:37  Hellion  
  137  22:42  SCV x2  
  137  22:43  SCV  
  142  22:45  SCV x2  
  140  22:52  Terran Vehicle And Ship Armor Level 1  
  140  22:54  Ghost  
  140  22:55  Marauder x2  
  140  22:56  SCV, Marauder  
  145  22:59  SCV  
  145  23:00  Hellion  
  145  23:03  Hellion  
  150  23:11  Marauder  
  151  23:21  Hellion x2  
  151  23:25  Hellion  
  151  23:26  Marauder x2  
  157  23:28  Smart Servos  
  153  23:39  Hellion  
  148  23:41  Medivac  
  148  23:42  Hellion  
  148  23:43  Hellion  
  148  23:46  Hellion  
  154  23:53  Liberator x2  
  154  23:54  Liberator  
  163  24:04  Hellion x2  
  163  24:06  Marauder  
  163  24:08  Hellion  
  163  24:09  Marauder  
  173  24:11  Liberator  
  173  24:12  Missile Turret  
  171  24:25  Hellion x2  
  171  24:27  SCV  
  176  24:33  Hellion  
  176  24:35  Missile Turret x2  
  176  24:36  Liberator x2, Medivac  
  176  24:37  Marauder  
  188  24:42  Marauder x2  
  188  24:43  Orbital Command  
  191  24:46  Hellion  
  191  24:47  Hellion  
  191  24:50  Hellion x3  
  193  24:54  Liberator  
  198  25:06  Liberator  
  199  25:08  Missile Turret  
  199  25:09  Refinery  
  199  25:10  Refinery  
  199  25:11  Orbital Command, Missile Turret  
  199  25:12  Marauder  
  199  25:16  Hellion x5  
  193  25:33  Marauder  
  195  25:36  Hellion  
  195  25:39  Marauder  
  199  26:03  Marauder  
  199  26:04  Hellion  
  199  26:11  Marauder, Refinery x2  
  194  26:12  Command Center  
  190  26:25  Ghost  
  190  26:30  Hellion  
  192  26:37  Marauder  
  192  26:38  Terran Vehicle Weapons Level 3  
  194  26:44  Marauder x3  
  192  26:49  Supply Depot  
  192  26:55  Marauder  
  196  27:03  Hellion x2  
  198  27:10  Command Center  
  198  27:13  Ghost  
  199  27:35  Ghost  
  199  27:36  Hellion, Ghost x2  
  199  27:37  Hellion  
  199  27:42  Siege Tank  
  197  27:44  Bunker  
  197  27:45  Orbital Command  
  197  27:46  Marauder  
  197  27:47  Bunker  
  196  27:56  Marauder  
  196  27:57  Hellion  
  200  28:00  Hellion  
  200  28:01  Nuke  
  197  28:14  Siege Tank  
  197  28:18  Hellion  
  200  28:29  Hellion x5  
  200  28:39  Missile Turret  
  200  28:43  Sensor Tower  
  200  28:44  Missile Turret  
  196  28:49  Hellion x2  
  196  28:51  Siege Tank, Hellion  
  196  28:52  Orbital Command  
  199  28:56  Factory x2  
  199  28:57  Factory  
  197  29:05  Hellion  
  195  29:10  Hellion  
  195  29:14  Terran Vehicle And Ship Armor Level 2  
  197  29:23  Hellion  
  197  29:32  Hellion  
  193  29:39  Hellion  
  193  29:44  Marauder  
  196  30:07  Hellion  
  192  30:14  Hellion  
  192  30:17  Factory Tech Lab, Factory Reactor  
  194  30:26  Liberator x2  
  194  30:27  Factory Tech Lab  
  188  30:37  Hellion x3, Marauder x2  
  188  30:38  Hellion  
  200  30:47  Hellion  
  200  30:48  Marauder  
  199  30:58  Orbital Command  
  182  31:06  Hellion x2  
  182  31:07  Hellion, Marauder x2, Marine x4  
  182  31:08  Hellion, Marauder x2  
  192  31:15  Hellion x2, Marine x2  
  192  31:16  Marauder  
  188  31:19  Marine  
  188  31:20  Marine  
  188  31:23  Thor, Liberator x2  
  188  31:25  Marine x2  
  200  31:31  Missile Turret x2  
  200  31:32  Missile Turret  
  199  31:49  Marauder  
  199  31:50  Marauder x2  
  197  32:09  Viking  
  194  32:15  Thor  
  194  32:17  Thor  
  195  32:35  Viking x2  
  199  32:41  Orbital Command  
  199  32:44  Terran Vehicle And Ship Armor Level 3  
  199  32:53  Nuke  
  192  33:33  Thor  
  198  33:34  Viking  
  183  33:51  Viking x2, Marauder  
  183  33:54  Ghost  
  182  33:57  Thor, Marauder x3  
  182  33:58  Thor  
  200  34:08  Hellion  
  200  34:09  Hellion  
  199  34:10  Hellion  
  199  34:13  Viking x2  
  197  34:21  Viking x2  
  197  34:23  Hellion x2  
  200  34:30  Marauder x2  
  200  34:31  Marauder  
  199  34:34  Ghost  
  199  34:37  Ghost  
  196  34:43  Viking x2  
  188  34:51  Viking x2, Ghost x2  
  194  34:55  Hellion x2  
  188  35:09  Marauder x2  
  188  35:13  Viking x2, Hellion  
  188  35:14  Marauder, Marine x2  
  120  35:21  Viking x2  
  120  35:23  Marine  
  120  35:24  Marauder  
  120  35:25  Marine  
  120  35:27  Marauder  
  126  35:34  Marauder  
  126  35:35  Marauder  
  126  35:36  Marauder  
  126  35:38  Hellion  
  125  35:42  Viking  
  125  35:43  Viking  
  125  35:45  Marauder  
  125  35:48  Marauder  
Show
View Real Time Build Order
Export as new Build Order

Elazer Zerg 

Build Orders: Hatch First 

Get SALT Encoding   

  12  0:00  Drone  
  13  0:11  Overlord  
  13  0:16  Drone  
  14  0:30  Drone x2  
  16  0:47  Hatchery  
  15  0:50  Drone  
  15  0:54  Drone  
  17  0:58  Drone  
  18  1:08  Extractor  
  17  1:12  Spawning Pool  
  17  1:15  Drone  
  17  1:19  Drone  
  18  1:28  Drone  
  19  1:38  Drone  
  20  1:48  Drone  
  21  1:59  Queen x2  
  21  2:00  Zergling x4  
  27  2:12  Drone, Metabolic Boost  
  27  2:13  Overlord  
  28  2:27  Spore Crawler  
  27  2:31  Hatchery  
  27  2:33  Drone x2  
  27  2:35  Drone  
  30  2:44  Queen  
  30  2:48  Drone  
  33  2:51  Overlord  
  33  2:53  Drone  
  34  3:02  Drone x2  
  36  3:07  Overlord  
  36  3:09  Drone x4  
  40  3:15  Queen  
  42  3:21  Queen  
  42  3:26  Drone x2  
  46  3:29  Zergling x4  
  48  3:36  Drone  
  48  3:38  Overlord  
  48  3:39  Drone x2  
  51  3:46  Queen  
  51  3:47  Drone x3  
  56  3:51  Queen  
  58  3:56  Overlord  
  58  3:59  Drone x3  
  61  4:16  Drone x7  
  68  4:22  Overlord  
  68  4:26  Overlord x2  
  68  4:29  Lair  
  68  4:32  Spore Crawler x2  
  68  4:34  Spore Crawler  
  65  4:39  Drone  
  65  4:40  Overlord  
  65  4:43  Queen x2  
  65  4:44  Drone x3  
  73  4:47  Drone x2  
  73  4:48  Drone  
  73  4:49  Drone  
  73  4:50  Drone  
  78  4:58  Drone x5  
  83  5:01  Extractor  
  83  5:02  Drone x3  
  83  5:03  Extractor  
  83  5:05  Spore Crawler  
  83  5:06  Drone x3  
  87  5:07  Overlord  
  87  5:11  Drone  
  87  5:12  Baneling Nest  
  87  5:13  Drone  
  88  5:14  Extractor  
  88  5:17  Drone, Evolution Chamber  
  88  5:18  Evolution Chamber  
  86  5:24  Overlord  
  86  5:29  Drone x7  
  93  5:40  Drone x3, Extractor, Hatchery  
  94  5:44  Zerg Melee Weapons Level 1, Zerg Ground Armor Level 1  
  94  5:47  Overlord  
  94  5:51  Drone x5  
  94  5:52  Drone  
  100  6:00  Zergling x6  
  100  6:01  Centrifugal Hooks, Hatchery  
  102  6:10  Zergling x16  
  110  6:16  Zergling x4  
  111  6:22  Overlord  
  111  6:25  Zergling x16  
  119  6:26  Pneumatized Carapace  
  119  6:27  Burrow  
  119  6:28  Overseer  
  119  6:35  Zergling x4  
  119  6:38  Baneling x4  
  121  6:41  Overlord  
  121  6:44  Zergling x6  
  118  6:48  Baneling x6  
  118  6:52  Overlord  
  118  6:58  Zergling x18  
  127  7:03  Zergling x4  
  126  7:10  Zergling x2  
  126  7:11  Zergling x8  
  131  7:16  Zergling x6  
  131  7:18  Zergling x4  
  131  7:20  Overlord  
  129  7:30  Zergling x18  
  119  7:44  Drone x7  
  119  7:45  Zerg Ground Armor Level 2  
  119  7:46  Zerg Melee Weapons Level 2  
  119  7:48  Infestation Pit  
  125  7:51  Spore Crawler  
  125  7:52  Zergling x20  
  134  8:03  Overlord  
  134  8:06  Drone  
  135  8:15  Zergling x2, Hatchery  
  135  8:16  Zergling x16  
  135  8:18  Hatchery  
  142  8:20  Extractor  
  142  8:26  Hive, Overlord  
  141  8:27  Baneling x17  
  141  8:31  Hatchery  
  141  8:32  Zergling x28  
  154  8:42  Baneling x6  
  154  8:47  Zergling x8  
  154  8:48  Zergling x8  
  147  9:03  Zergling x32  
  147  9:06  Hatchery  
  162  9:14  Spore Crawler  
  162  9:16  Baneling x16  
  161  9:19  Zergling x24  
  172  9:29  Overlord, Spawning Pool  
  170  9:36  Overlord x2  
  170  9:39  Drone x3  
  170  9:43  Ultralisk Cavern  
  172  9:46  Drone x10  
  172  9:52  Drone x8  
  190  10:00  Unknown  
  187  10:20  Drone x2  
  187  10:21  Spore Crawler x2  
  186  10:23  Zergling x28  
  186  10:25  Zerg Ground Armor Level 3  
  196  10:36  Spore Crawler  
  196  10:37  Spore Crawler x2  
  188  10:46  Chitinous Plating  
  188  10:47  Ultralisk  
  192  10:59  Drone x2  
  192  11:00  Drone x4  
  192  11:03  Spore Crawler x2  
  195  11:06  Zerg Melee Weapons Level 3  
  195  11:10  Spore Crawler  
  195  11:11  Zergling x20, Spore Crawler  
  199  11:15  Baneling x17  
  199  11:16  Baneling  
  191  11:24  Drone x8  
  189  11:31  Drone x10  
  189  11:32  Drone x2  
  199  11:33  Hatchery  
  199  11:38  Drone x4  
  193  11:53  Viper  
  193  11:54  Viper  
  180  12:08  Zergling x32  
  164  12:13  Ultralisk  
  154  12:16  Zergling x4  
  154  12:20  Ultralisk, Hatchery  
  160  12:26  Zergling x24  
  170  12:32  Baneling x3  
  168  12:46  Ultralisk  
  169  13:02  Drone x11  
  169  13:03  Drone  
  169  13:05  Anabolic Synthesis  
  172  13:24  Zergling x34  
  183  13:31  Adrenal Glands  
  176  13:39  Drone x5  
  176  13:40  Zergling x14  
  183  13:45  Hatchery  
  183  13:46  Hatchery  
  174  13:51  Infestor x2  
  174  13:53  Zergling x10  
  174  13:55  Hatchery  
  178  14:03  Zergling x14  
  178  14:09  Zergling x2  
  190  14:10  Zergling x10  
  183  14:18  Overseer  
  183  14:19  Overseer  
  183  14:20  Zergling x14  
  183  14:24  Extractor x2, Baneling x2  
  189  14:25  Baneling x12  
  184  14:32  Zergling x12, Spore Crawler  
  175  14:43  Zergling x2  
  175  14:44  Zergling x12  
  144  15:02  Ultralisk  
  144  15:03  Ultralisk  
  144  15:04  Zergling x16  
  158  15:13  Zergling x16  
  163  15:19  Hatchery  
  162  15:26  Zergling x14, Ultralisk  
  174  15:28  Queen x2  
  174  15:29  Queen x2  
  181  15:41  Zergling x2  
  181  15:42  Zergling x20  
  180  15:52  Ultralisk x2  
  184  15:57  Zergling x30, Unknown  
  184  16:01  Zergling x6  
  186  16:07  Zergling x16  
  192  16:13  Baneling x6  
  192  16:16  Zergling x16  
  184  16:33  Zergling x18  
  193  16:43  Spire  
  181  16:53  Drone x5  
  184  16:57  Spore Crawler  
  184  16:58  Spore Crawler  
  184  16:59  Spore Crawler  
  176  17:04  Baneling x5  
  176  17:05  Baneling x3  
  176  17:06  Drone x5  
  176  17:09  Drone x5  
  176  17:10  Drone x2  
  176  17:12  Zergling x14  
  176  17:13  Zergling x10  
  195  17:21  Drone, Spore Crawler  
  195  17:22  Drone x4  
  196  17:27  Drone x2  
  191  17:38  Drone x3  
  191  17:43  Baneling x7  
  191  17:44  Baneling x13  
  183  17:51  Zergling x26  
  189  17:56  Baneling  
  189  17:57  Zergling x4, Baneling x5  
  189  17:58  Zergling x6  
  191  18:04  Corruptor x4  
  190  18:22  Corruptor  
  190  18:23  Corruptor x4  
  189  18:37  Corruptor x5  
  186  18:48  Extractor x2  
  186  18:49  Drone x3  
  186  18:50  Drone x5  
  186  18:52  Zergling x22  
  198  19:07  Drone x3, Hatchery  
  199  19:10  Spore Crawler  
  185  19:32  Zergling x18  
  185  19:33  Zergling x12  
  185  19:35  Zerg Missile Weapons Level 1  
  185  19:36  Baneling x14  
  199  19:51  Overseer x3  
  197  20:02  Hatchery  
  197  20:03  Extractor  
  195  20:17  Zergling x10  
  195  20:20  Ultralisk x2  
  194  20:35  Drone x10  
  180  20:40  Drone x2  
  180  20:41  Drone x2  
  180  20:42  Ultralisk x2  
  188  20:47  Zergling x26  
  199  20:54  Drone x5  
  188  21:11  Drone  
  188  21:12  Drone x8  
  153  21:48  Zergling x36  
  153  21:49  Zergling x18  
  153  21:51  Baneling x2  
  144  21:58  Ultralisk x3  
  156  22:06  Ultralisk x4  
  180  22:08  Overlord x2  
  180  22:12  Zergling x2  
  180  22:13  Zergling x2  
  176  22:27  Zergling x2  
  176  22:28  Zergling x36  
  187  22:45  Hatchery  
  187  22:46  Zergling x22  
  187  22:50  Overseer x2  
  198  22:51  Overseer  
  198  22:53  Baneling x8  
  198  22:58  Overlord  
  197  23:01  Hatchery  
  195  23:07  Spore Crawler  
  184  23:13  Drone x4  
  180  23:23  Viper x3  
  180  23:24  Infestor x2  
  180  23:27  Drone x5  
  198  23:33  Drone x2  
  194  23:42  Drone x3  
  194  23:43  Drone x3  
  198  23:53  Baneling x17  
  198  23:56  Overseer  
  198  24:01  Extractor  
  197  24:04  Corruptor  
  199  24:13  Zergling x2  
  194  24:27  Corruptor x4  
  196  24:40  Drone x3  
  196  24:41  Drone  
  196  24:45  Baneling x7  
  197  24:46  Baneling  
  193  24:53  Drone x3  
  193  25:00  Greater Spire  
  193  25:03  Extractor  
  193  25:07  Drone x3  
  195  25:09  Drone x5  
  195  25:11  Extractor x2  
  193  25:33  Zergling x18  
  195  25:53  Infestor x2  
  199  26:02  Zergling x28, Baneling x5  
  190  26:13  Zergling x20  
  192  26:50  Zergling x16  
  192  26:52  Baneling x9  
  192  26:53  Baneling x9  
  200  26:57  Infestor  
  199  27:10  Zerg Flyer Weapons Level 1  
  193  27:25  Drone x6  
  197  27:33  Infestor  
  182  27:51  Drone x16  
  182  27:54  Zergling x4  
  200  28:03  Spore Crawler  
  195  28:17  Zergling x10  
  200  28:21  Overseer  
  200  28:28  Hatchery  
  195  28:54  Drone x4  
  194  29:05  Zerg Flyer Armor Level 1  
  194  29:07  Drone x3  
  194  29:09  Unknown, Extractor  
  192  29:12  Spine Crawler x2  
  189  29:22  Zergling x20  
  189  29:23  Zergling x2  
  192  29:45  Infestor  
  191  30:07  Infestor  
  185  30:19  Corruptor x7  
  195  30:28  Corruptor x3  
  161  31:13  Drone x5  
  161  31:15  Brood Lord x14  
  187  31:23  Corruptor x4  
  187  31:24  Corruptor x3  
  199  31:34  Zerg Flyer Weapons Level 2  
  183  32:08  Brood Lord x6  
  195  32:09  Overlord x2  
  192  32:31  Infestor  
  192  32:34  Overseer  
  190  32:39  Zergling x2  
  190  32:40  Zergling x24  
  177  32:53  Overseer  
  177  32:55  Corruptor x4  
  185  33:08  Infestor x2  
  185  33:10  Overlord x2  
  188  33:29  Overseer x7  
  188  33:31  Brood Lord x4  
  178  33:55  Zergling x10  
  168  34:24  Corruptor  
  148  34:55  Corruptor  
Tags
 
Add a new tag
Caveats
  • Supply blocks, unpowered buildings, or Contaminate may cause inaccurate times.
  • Supply counts are checked every 10 seconds.